[Event "Austrian Championship 2022"]
[Site "Vienna"]
[Date "2022.08.14"]
[Round "3.10"]
[White "Shengelia, David"]
[Black "Trkulja, Zoran"]
[Result "1-0"]
[ECO "E50"]
[WhiteElo "2462"]
[BlackElo "2111"]
[Annotator "TA"]
[PlyCount "91"]
[EventDate "2022.08.12"]
[EventType "swiss"]
[EventCountry "AUT"]
[SourceTitle "playchess.com"]
[Source "ChessBase"]
[SourceQuality "1"]
[TimeControl "40/5400+30:1800+30"]

1. d4 Nf6 2. c4 e6 3. Nc3 Bb4 4. e3 O-O 5. Nf3 d6 6. Bd3 Nc6 (6... e5 $5 7. Be2 (7. dxe5 dxe5 8. Nxe5 Qd6 $11) 7... Nc6 $11) 7. Bd2 {[%emt 0:10:47] E50: Nimzo-Indian: Rubinstein: 4...0-0 5 Nf3.} e5 8. d5 Ne7 9. Qc2 {[%emt 0:05:53] White is slightly better.} Ng6 10. h4 Nh5 {[%emt 0:10:01] [#]} ({Black should try} 10... h6 $11) 11. Ng5 $146 ({Predecessor:} 11. O-O-O f5 12. Be2 Nf6 13. h5 Ne7 14. Ng5 c6 15. h6 g6 16. f4 cxd5 17. Nxd5 Bxd2+ 18. Qxd2 Nexd5 19. cxd5 {1-0 (40) Friedemann,G-Becker,A Buenos Aires 1939}) 11... f5 12. g4 e4 13. Bxe4 fxe4 14. gxh5 Nxh4 15. Ncxe4 {[%emt 0:01:51] Pair of Knights!} Bxd2+ 16. Qxd2 h6 17. Rxh4 {[%emt 0:02:23][%cal Od2d4] aiming for Qd4!} hxg5 18. Rh2 {[%emt 0:02:24] White is much more active.} Bf5 19. Qd4 Bxe4 20. Qxe4 Qf6 21. O-O-O Rae8 22. Qg4 Re5 23. Rg2 Rfe8 24. Rd4 Rf5 25. Rd2 Rfe5 26. a3 a6 27. Qd1 b5 28. cxb5 axb5 29. Qb3 Rb8 30. Rg4 Rf5 31. Kb1 Rxf2 32. Rxf2 Qxf2 33. Rxg5 {[%emt 0:00:31][%mdl 4096] Endgame Threatens to win with h6. KQR-KQR} Re8 $2 {[%emt 0:00:39][%mdl 8192] Loses the game.} ({Better is} 33... Qh4 $14 34. Rg1 Qxh5) 34. h6 $1 $18 ({Weaker is} 34. Qc3 Qf7 $16) 34... Rxe3 35. Rxg7+ Kf8 36. Qxb5 Qf5+ 37. Ka2 Re1 38. Qb8+ {[%emt 0:00:34] White mates.} Re8 {[%emt 0:00:06] [#]} 39. Rg8+ $3 Kxg8 40. Qxe8+ {[%emt 0:00:02] KQ-KQ} Kh7 41. Qe7+ Kxh6 42. Qe6+ Qxe6 43. dxe6 Kg6 {[%emt 0:00:06] [#]} 44. a4 $1 Kf6 45. a5 Kxe6 46. a6 {[%emt 0:00:02] Weighted Error Value: White=0.04 (flawless) /Black=0.47} 1-0

[Event "Austrian Championship 2022"]
[Site "Vienna"]
[Date "2022.08.14"]
[Round "3.11"]
[White "Morgunov, Marc"]
[Black "Miazhynski, Yuri"]
[Result "1-0"]
[ECO "B11"]
[WhiteElo "2376"]
[BlackElo "2166"]
[Annotator "TA"]
[PlyCount "85"]
[EventDate "2022.08.12"]
[EventType "swiss"]
[EventCountry "AUT"]
[SourceTitle "playchess.com"]
[Source "ChessBase"]
[SourceQuality "1"]
[TimeControl "40/5400+30:1800+30"]

1. e4 c6 2. Nc3 d5 3. Nf3 dxe4 4. Nxe4 Nf6 5. Qe2 Nxe4 6. Qxe4 Qd5 {[%emt 0:00:09] B11: Caro-Kann: Two Knights Variation.} 7. Qf4 Qf5 8. Qe3 Qe6 {[%emt 0:05:39] The position is equal.} 9. b3 Qxe3+ 10. fxe3 Bf5 11. Bb2 a5 {[%emt 0:00:21] [#]} 12. d3 $146 ({Predecessor:} 12. Be2 e6 13. Rf1 Nd7 14. O-O-O a4 15. Nh4 Bg6 16. Kb1 f6 17. Nxg6 hxg6 18. h3 {½-½ (98) Savchenko,B (2581)-Goryachkina,A (2504) Sochi 2019}) 12... a4 13. e4 Bg6 14. h4 {[%emt 0:06:12] [#] Hoping for h5.} Bh5 15. Ne5 Nd7 (15... e6 $1 $11) 16. g4 $1 $14 Nxe5 17. gxh5 Nd7 18. O-O-O e6 19. Kb1 Rg8 20. Be2 Be7 21. d4 axb3 22. axb3 Nf6 23. Bf3 g6 24. hxg6 hxg6 25. c4 {[%emt 0:02:29] White leaves nothing to chance now.} Nd7 26. e5 Nb6 ({Black should play} 26... O-O-O $14) 27. h5 O-O-O (27... gxh5 $16 {might work better.} 28. Rxh5 Rg3) 28. hxg6 Rxg6 29. Rh7 {[%emt 0:00:09] Against Rg7} Rg3 30. Rxf7 Rf8 31. Rxf8+ Bxf8 32. Rf1 Bh6 (32... Bb4 $16 33. Bc1 Kd7) 33. Kc2 $18 Be3 34. Kd3 Rg1 $2 {[%emt 0:00:29] [#]} (34... Bh6 35. Ke4 Rh3) 35. Rxg1 ({Not} 35. Kxe3 Rxf1 36. Be4 Kd7 $15) 35... Bxg1 {[%emt 0:00:04][%mdl 4096] Endgame KBB-KBN} 36. Bg4 Kd7 37. Ba3 Na8 $2 (37... Bf2 38. Ke4 Na8) 38. d5 Nc7 39. dxe6+ Nxe6 40. Bd6 (40. Ke4 $142 Bf2 41. Bd6) 40... b6 41. b4 {[%emt 0:32:02][%cal Bb3b4,Bb4b5][%mdl 32] White mates.} Bf2 42. Ke4 Bh4 43. b5 {[%emt 0:00:00] Weighted Error Value: White=0.10 (very precise) /Black=0.44} 1-0

[Event "Austrian Championship 2022"]
[Site "Vienna"]
[Date "2022.08.14"]
[Round "3.12"]
[White "Albadri Abd Al Sattar"]
[Black "Schroll, Gerhard"]
[Result "1/2-1/2"]
[ECO "A83"]
[WhiteElo "2161"]
[BlackElo "2281"]
[Annotator "TA"]
[PlyCount "42"]
[EventDate "2022.08.12"]
[EventType "swiss"]
[EventCountry "AUT"]
[SourceTitle "playchess.com"]
[Source "ChessBase"]
[SourceQuality "1"]
[TimeControl "40/5400+30:1800+30"]

1. d4 f5 2. e4 fxe4 3. Nc3 Nf6 4. Bg5 Nc6 5. d5 Ne5 6. Qe2 Nf7 {[%emt 0:00:43] A83: Dutch Defence: Staunton Gambit with 3 Nc3 Nf6 4 Bg5.} 7. Bxf6 $1 {[%emt 0:00:11] The main line 7.Bxf6 scores better than 7.h4.} exf6 8. Nxe4 {[%emt 0:01:15][%cal Re4d6] [#]} Be7 {[%emt 0:05:47] Inhibits Nd6+. White is slightly better.} 9. d6 $1 cxd6 10. O-O-O O-O 11. Nf3 {[%emt 0:05:01] [#]} (11. Nc3 $14) 11... f5 $146 ({Predecessor:} 11... b6 12. Nd4 Bb7 13. Nf5 Re8 14. Qg4 Bf8 15. Bc4 Re6 16. Nexd6 Qc7 17. Nxf7 Kxf7 18. Rhe1 Rc8 19. Rxd7+ Qxd7 20. Bxe6+ Qxe6 21. Nd6+ Bxd6 22. Qxe6+ Kg6 {1-0 (22) Ezat,M (2408)-Brilej,J (2218) Chess.com INT 2020}) 12. Nc3 {[%emt 0:00:33][%mdl 1024] White has compensation.} b6 13. Nd4 g6 14. Qf3 {[%emt 0:03:26] Prevents Bb7.} (14. h4 $5) 14... Rb8 15. Bc4 Bb7 16. Bd5 $36 {[%emt 0:00:02][%mdl 2048] White is really pushing. 0x0.001b8431c4cfdp-1022s more active pieces. The black rooks are badly placed.} Bxd5 17. Qxd5 (17. Nxd5 $16 Bh4 18. g3 (18. Kb1 Ne5 $14)) 17... a6 (17... Bf6 $11) 18. f4 $14 b5 19. g4 (19. Qf3 $16) 19... b4 20. Nce2 {[%emt 0:00:52] Pair of Knights!} fxg4 21. f5 Bh4 {[%emt 0:13:44] Weighted Error Value: White=0.25 (precise) /Black=0.21 (precise)} 1/2-1/2

[Event "Austrian Championship 2022"]
[Site "Vienna"]
[Date "2022.08.14"]
[Round "3.14"]
[White "Schnepp, Gunnar"]
[Black "Pilshofer, Paul"]
[Result "0-1"]
[ECO "D85"]
[WhiteElo "2265"]
[BlackElo "2223"]
[Annotator "TA"]
[PlyCount "162"]
[EventDate "2022.08.12"]
[EventType "swiss"]
[EventCountry "AUT"]
[SourceTitle "playchess.com"]
[Source "ChessBase"]
[SourceQuality "1"]
[TimeControl "40/5400+30:1800+30"]

1. Nf3 Nf6 2. c4 g6 3. Nc3 d5 4. cxd5 Nxd5 5. e4 Nxc3 6. bxc3 Bg7 7. Be2 c5 8. d4 O-O 9. O-O b6 10. Bg5 Qc7 {[%emt 0:00:00] D85: Exchange Grünfeld: Unusual White 7th moves and lines with 7 Nf3.} 11. Qd2 Ba6 12. Bxa6 Nxa6 {[%emt 0:00:00] White is slightly better.} 13. Bh6 {[%emt 0:13:38] [#]} Rfd8 $146 ({Predecessor:} 13... Rac8 14. Bxg7 Kxg7 15. Rac1 Rfd8 16. h4 Qd6 17. h5 h6 18. hxg6 fxg6 19. g3 Qf6 {1-0 (64) Husek,Z-Brestak,J Nova Bana 1983}) 14. Bxg7 Kxg7 15. d5 c4 16. Qd4+ f6 17. Ng5 (17. Qe3 $14) 17... Nc5 $11 18. Rab1 Rac8 (18... e5 19. Qxc5 $1 Qxc5 20. Ne6+ Kh6 21. Nxc5 bxc5 22. Rb5 $16) 19. f4 e5 $2 (19... e6 $15 {stays ahead.}) 20. fxe5 $16 fxg5 (20... fxe5 $16 21. Qxc4 (21. Qf2 Rf8 $11) 21... Rf8) 21. d6 $1 $18 Qc6 (21... Qb7 $2 22. e6+ Kh6 23. e7) 22. e6+ $1 Kg8 $2 (22... Kh6 23. Rf3 g4 24. Qe3+ Kh5) 23. Qf6 $2 (23. e7 $1 $18 Ne6 24. exd8=N Rxd8 25. Qf6) 23... Rf8 (23... Nxe4 $2 24. Qf7+ Kh8 25. d7 $18) (23... Qxd6 $5 24. Qf7+ Kh8 25. Qf6+ Kg8 26. Qf7+ Kh8 27. Qf6+ Kg8 $11) 24. Qe7 {[%emt 0:00:26] Strongly threatening d7.} Rce8 (24... Nxe4 $2 25. d7 Qc5+ 26. Qxc5 Nxc5 27. dxc8=N Rxc8 28. Rf7 $18) 25. Rxf8+ Rxf8 {[%emt 0:00:00] Really sharp!} 26. d7 $2 (26. Rf1 $11 {and White is okay.} Qe8 27. Qxe8 Rxe8 28. d7 Nxd7 29. exd7) 26... Nxe6 $19 27. Kh1 Rf7 $2 (27... Nd8 $19 {is more deadly.} 28. Kg1 Qe6 29. Qxg5 Qxd7) 28. d8=Q+ $17 Nxd8 29. Qxd8+ {[%emt 0:00:01][%mdl 4096] Endgame KQR-KQR} Kg7 30. Qd4+ Kh6 31. h3 Rd7 $36 {[%emt 0:00:40][%mdl 2048] Black is in control.} 32. Qe5 Qd6 33. Qb5 (33. Qxd6 $17 {only move.} Rxd6 34. Rb4) 33... Qe6 $19 34. Re1 Rd3 {[%emt 0:00:14] ...g4 is the strong threat.} 35. Qb4 {[%emt 0:00:23] Black must now prevent Qf8+.} Qf7 {[%emt 0:01:04][%cal Og5g4] Against Qf8+} 36. e5 (36. Kg1 $142) 36... Qf2 37. Rg1 Qf5 (37... Qxa2 $2 38. Qf8+ Kh5 39. g4+ Kh4 40. Qh6#) 38. Re1 Qf2 39. Rg1 Qf5 (39... Qxa2 $2 40. Qf8+ Kh5 41. g4+ Kh4 42. Qh6#) 40. Re1 g4 41. Qxc4 $2 (41. hxg4 Qf2 42. g5+ Kxg5 43. Qb1) 41... gxh3 42. Qh4+ Qh5 $2 (42... Kg7 $19 {has better winning chances.} 43. Qe7+ Qf7 44. Qxf7+ Kxf7 45. Rf1+ Ke7) 43. Qxh5+ $17 ({Wrong is} 43. Qf4+ $2 Qg5 44. Qxg5+ Kxg5 $19) 43... Kxh5 {[%emt 0:00:43] KR-KR} 44. e6 Rd8 $1 {[%emt 0:03:43] aiming for ...hxg2+.} (44... Rxc3 $2 45. e7 hxg2+ 46. Kxg2 Rc2+ 47. Kg1 $18) 45. gxh3 Re8 $1 46. a4 (46. c4 $17 {might work better.}) 46... Kg5 $19 47. a5 Kf6 ({And not} 47... bxa5 48. Kg2 $17) 48. axb6 axb6 49. Rf1+ $2 (49. Re4 $17 {was called for.}) 49... Kxe6 50. Rb1 Rb8 51. Rb5 Kd6 52. h4 $2 (52. Kg2) 52... Kc6 53. Re5 Rd8 54. h5 $2 (54. Kg2 Rd2+ 55. Kf1) 54... Rd5 55. Re6+ Rd6 56. Re7 h6 57. hxg6 (57. Kg2 $142 gxh5 58. Re5) 57... Rxg6 58. Re5 Rg3 59. Rh5 Rxc3 60. Kg2 Re3 {[%emt 0:00:28] And now ...Re6 would win.} ({Not} 60... Rc2+ 61. Kf1 $17) 61. Rxh6+ Kb5 62. Kf2 Re5 63. Rh1 Kc6 64. Rc1+ Kb7 (64... Kd6 $142 65. Kf3 b5 66. Rb1 Kc5 67. Rc1+ Kd4 68. Rb1 Kc4 69. Rc1+ Kd3 70. Kf4 Re7 71. Rb1 Kc4 72. Rc1+ Kd4 73. Rh1 Rf7+ 74. Kg5 b4 75. Rh4+ Kc3 76. Rh6 Rb7 77. Rc6+ Kd4 78. Rd6+ Ke3 79. Re6+ Kd2 80. Rh6 b3 81. Rh2+ Kc3 82. Rh3+ Kc4 83. Rh4+ Kd3 84. Rh3+ Kd4 85. Rh4+ Ke5 86. Rh5 b2 87. Kg6+ Ke6 88. Rh1 b1=Q+ 89. Rxb1 Rxb1 90. Kg5 Rb4 91. Kg6 Rb5 92. Kg7 Rg5+ 93. Kh6 Kf6 94. Kh7 Rh5+ 95. Kg8 Rh1 96. Kf8 Rh8#) 65. Rc3 b5 66. Re3 Rd5 $2 (66... Rxe3 67. Kxe3 Kb6 68. Kd4 Ka5 69. Kc3 Ka4 70. Kb2 Kb4 71. Ka2 Kc3 72. Ka3 b4+ 73. Ka2 Kc2 74. Ka1 Kb3 75. Kb1 Ka3 76. Kc2 b3+ 77. Kc1 Ka2 78. Kd2 b2 79. Ke3 b1=Q 80. Kf4 Qg6 81. Kf3 Qg5 82. Kf2 Kb3 83. Kf3 Kb4 84. Ke2 Qf4 85. Ke1 Kb3 86. Ke2 Kc3 87. Ke1 Kd3 88. Kd1 Qf1#) 67. Ke2 $2 (67. Re6 $11) 67... Kc6 $2 (67... Kb6 {mates} 68. Rg3 Kc5 69. Rh3 Kc4 70. Rh7 b4 71. Rc7+ Kb3 72. Ke3 Ka2 73. Rh7 b3 74. Ra7+ Kb1 75. Ke4 Rb5 76. Kd3 b2 77. Kd2 Rd5+ 78. Ke3 Kc2 79. Rc7+ Kb3 80. Rh7 b1=Q 81. Rb7+ Kc2 82. Rxb1 Kxb1 83. Ke4 Rh5 84. Kd4 Kc2 85. Kc4 Kd2 86. Kd4 Ra5 87. Ke4 Kc3 88. Ke3 Ra4 89. Ke2 Re4+ 90. Kf3 Kd3 91. Kf2 Re3 92. Kf1 Rf3+ 93. Kg1 Ke2 94. Kg2 Rd3 95. Kh1 Rg3 96. Kh2 Kf2 97. Kh1 Rh3#) 68. Rd3 $1 $11 Rc5 {[%emt 0:00:34] ( -> ...b4)} 69. Rd4 $2 {[%emt 0:00:55][%mdl 8192] [#]} (69. Rd1 $11) 69... Kb6 $1 {[%emt 0:00:25] Black mates.} 70. Kd2 Ka5 71. Rd8 Ka4 72. Ra8+ Kb3 73. Ra5 Rc2+ 74. Kd1 {[%emt 0:00:30] [#]} b4 $1 75. Rb5 Rc8 76. Rb7 Ka3 77. Ra7+ Kb2 78. Rd7 b3 79. Rb7 Rd8+ 80. Ke2 Kc2 81. Rc7+ Kb1 {[%emt 0:00:03] Weighted Error Value: White=0.67/Black=0.54} 0-1

[Event "Austrian Championship 2022"]
[Site "Vienna"]
[Date "2022.08.14"]
[Round "3.15"]
[White "Kruckenhauser, Arthur"]
[Black "Leitner, Gerald"]
[Result "1/2-1/2"]
[ECO "B70"]
[WhiteElo "2303"]
[BlackElo "2145"]
[Annotator "TA"]
[PlyCount "119"]
[EventDate "2022.08.12"]
[EventType "swiss"]
[EventCountry "AUT"]
[SourceTitle "playchess.com"]
[Source "ChessBase"]
[SourceQuality "1"]
[TimeControl "40/5400+30:1800+30"]

1. e4 c5 2. Nf3 d6 3. d4 cxd4 4. Nxd4 Nf6 5. Nc3 a6 6. Qf3 g6 7. h3 Bg7 8. Be3 O-O 9. g4 {[%emt 0:00:41] B70: Sicilian Dragon: 6 g3 and 6 Be2 (without a later Be3).} ({White should play} 9. Rd1 $11) 9... Nc6 10. O-O-O Bd7 $1 11. Qg2 {[%emt 0:03:14] Black has an edge.} b5 {[%emt 0:00:17][%cal Bb7b5,Bb5b4][%mdl 32] [#]} (11... Rc8 $5 ) 12. Be2 $146 (12. f4 $11) ({Predecessor:} 12. f4 b4 13. Nd5 a5 14. Nxf6+ Bxf6 15. e5 Nxd4 16. Bxd4 dxe5 17. fxe5 Bg5+ 18. Kb1 {1-0 (47) Palczert,M (2321)-Falkevall,A (2275) Thessaloniki 2022}) 12... b4 13. Nd5 Nxd5 (13... Rc8 $15 14. Bxa6 Ra8 15. Nxc6 Bxc6) 14. exd5 $11 Nxd4 15. Bxd4 a5 16. Qe4 Qc7 {[%emt 0:13:33] aiming for ...e5.} 17. Kb1 $2 (17. Bxg7 $11 {and White has nothing to worry.} Kxg7 18. Qd4+ Kg8 19. Rhe1) 17... e5 $1 $19 18. Be3 Rfc8 19. Rc1 f5 20. Qd3 e4 21. Qd1 a4 $36 {[%emt 0:00:23][%mdl 2048] Hoping for ...a3. Black has strong initiative.} 22. Bd4 Bh6 23. Be3 $2 (23. h4 $17) 23... f4 24. Bd2 Qc5 25. g5 (25. c4 $142 a3 26. b3) 25... Bxg5 26. Bg4 Bxg4 27. Qxg4 {[%emt 0:00:13] [#]} Bf6 (27... Qxf2 $2 28. Bxb4 Qd4 29. Qe6+ Kh8 30. c3 $17) (27... a3 $1 $19 {is more deadly.} 28. Bxf4 {[#]} Qd4 $1) 28. Qe6+ $17 Kg7 29. Qxe4 Rab8 (29... Qb5 $5 30. Qxb4 (30. Qxf4 $2 b3 $19) 30... Qxd5 $15) 30. Bxf4 $2 (30. h4 $15) 30... a3 $2 ({Black should try} 30... b3 $19 {( -> ...bxa2+)} 31. a3 Qxf2) 31. Be3 $11 Qc7 32. Bd4 Qf7 33. Qf4 Bxd4 34. Qxd4+ Kg8 35. Rhe1 axb2 36. Kxb2 Rc5 {[%emt 0:02:12] The position is equal.} 37. Re6 Qa7 {[%emt 0:00:32][%cal Oc5c2] Strongly threatening ...Rxc2+!} 38. Qe3 {[%emt 0:01:24] Active counter play!} Qa3+ $1 ({Don't take} 38... Ra8 39. Re8+ Rxe8 40. Qxe8+ Kg7 41. Qe3 $14) 39. Kb1 Qxe3 40. Rxe3 Rxd5 {[%emt 0:00:00][%mdl 4096] Endgame KRR-KRR} 41. Kb2 Rf5 42. Rce1 Rxf2 43. Re8+ Rf8 44. Rxb8 Rxb8 {[%emt 0:00:02] KR-KR} 45. Re7 Rb6 46. Kb3 g5 47. Ra7 h6 48. c3 bxc3+ 49. Kxc3 h5 50. Kd3 Rb1 51. Ke4 g4 52. hxg4 hxg4 53. Kf4 Rb4+ 54. Kf5 Kf8 55. Ra3 Ke7 56. Rg3 Ra4 57. Rxg4 Rxa2 {[%emt 0:00:05] White must now prevent ...Ra5+.} 58. Rg7+ Kd8 59. Ke6 Rd2 60. Rd7+ {[%emt 0:00:06] Weighted Error Value: White=0.44/Black=0.29 (precise)} 1/2-1/2

[Event "Austrian Championship 2022"]
[Site "Vienna"]
[Date "2022.08.14"]
[Round "3.16"]
[White "Hechl, Gerald"]
[Black "Dotzer, Lukas"]
[Result "1/2-1/2"]
[ECO "B20"]
[WhiteElo "2222"]
[BlackElo "2269"]
[Annotator "TA"]
[PlyCount "36"]
[EventDate "2022.08.12"]
[EventType "swiss"]
[EventCountry "AUT"]
[SourceTitle "playchess.com"]
[Source "ChessBase"]
[SourceQuality "1"]
[TimeControl "40/5400+30:1800+30"]

1. e4 c5 2. b4 cxb4 3. a3 bxa3 4. d4 d5 5. exd5 Nf6 {[%emt 0:00:00] [#]} 6. Bb5+ $146 {[%emt 0:29:18] B20: Sicilian: Unusual White 2nd moves.} ({Predecessor:} 6. c4 e6 7. dxe6 Bxe6 8. d5 Bg4 9. Be2 Bb4+ 10. Bd2 Qe7 11. Bxb4 Qxb4+ 12. Nd2 {0-1 (35) Grabinsky,V (2219)-Martin,L (2205) Chess.com INT 2021}) 6... Bd7 7. Bxd7+ Qxd7 8. Nf3 Qxd5 9. O-O e6 10. Nxa3 Be7 11. c4 Qd8 12. Nb5 {[%emt 0:01:08] With the idea Bf4.} (12. Qb3 $5 ) 12... Na6 (12... a6 $11) 13. Ne5 (13. Qe2 $16) 13... O-O $11 14. Qf3 (14. Bf4 $11) 14... Nc7 (14... Nb4 $1 $15) 15. Qxb7 $14 {[%emt 0:04:40] White is much more active. The black rooks are badly placed.} Nxb5 16. Nc6 {[%emt 0:00:07] Against Rb8} Nd6 17. Nxd8 ({Wrong is} 17. Nxe7+ $2 Kh8 18. Qc6 Qxe7 $19) (17. Qxe7 $16 Qxe7 18. Nxe7+ Kh8 19. c5) 17... Nxb7 $11 18. Nxb7 Rfc8 {[%emt 0:00:00] Weighted Error Value: White=0.23 (precise) /Black=0.25 (precise)} 1/2-1/2

[Event "Austrian Championship 2022"]
[Site "Vienna"]
[Date "2022.08.14"]
[Round "3.17"]
[White "Lerch, Johannes"]
[Black "Wagner, Leopold Franziskus"]
[Result "1/2-1/2"]
[ECO "B10"]
[WhiteElo "2222"]
[BlackElo "2080"]
[Annotator "TA"]
[PlyCount "78"]
[EventDate "2022.08.12"]
[EventType "swiss"]
[EventCountry "AUT"]
[SourceTitle "playchess.com"]
[Source "ChessBase"]
[SourceQuality "1"]
[TimeControl "40/5400+30:1800+30"]

1. e4 c6 2. Nf3 d5 3. d3 dxe4 4. dxe4 Qxd1+ 5. Kxd1 Bg4 6. Be2 {[%emt 0:00:06] B10: Caro-Kann: 2 d3 and 2 c4.} Nd7 7. Ne1 Bxe2+ 8. Kxe2 {[%emt 0:00:10] White has an edge.} e5 9. a4 {[%emt 0:01:04] [#]} g6 $146 ({Predecessor:} 9... Bc5 10. Nd3 a5 11. Nd2 f6 12. Nc4 Be7 13. Bd2 b6 14. Be3 Bd8 15. c3 Bc7 {1-0 (24) Sadhwani,R (2545)-Kovalev,D (2487) Chess.com INT 2020}) 10. b3 Nc5 11. f3 Ne6 12. c3 Bh6 13. Nd3 (13. Nd2 {with more complications.} O-O-O 14. Nd3 f6 15. Rd1) 13... Bxc1 14. Rxc1 Nf4+ 15. Nxf4 exf4 16. Rd1 Nh6 17. Na3 f6 18. Nc4 Nf7 19. Rd4 Ke7 $1 20. Rad1 Rhd8 {[%emt 0:00:00] Prevents Rd7+.} 21. Na5 Rxd4 (21... Nd6 {seems wilder.} 22. b4 Rac8 23. Nb3 b6) 22. cxd4 $11 {[%emt 0:01:28][%mdl 4096] Endgame KRN-KRN} Nd8 23. b4 b6 24. Nb3 Nb7 25. Rc1 Kd7 26. a5 Rc8 27. axb6 axb6 {[%emt 0:00:00] The position is equal.} 28. Ra1 Nd6 29. Kd3 Nb5 30. g3 fxg3 31. hxg3 h5 32. Ke3 Rh8 33. Nd2 g5 34. f4 h4 35. fxg5 fxg5 36. Nf3 hxg3 37. Rg1 g4 38. Ne5+ Kc7 39. Nxg4 Rd8 {[%emt 0:00:00] Weighted Error Value: White=0.07 (flawless) /Black=0.06 (flawless)} 1/2-1/2

[Event "Austrian Championship 2022"]
[Site "Vienna"]
[Date "2022.08.14"]
[Round "3.18"]
[White "Belke, Frank"]
[Black "Fuchs, Patrick"]
[Result "1-0"]
[ECO "D20"]
[WhiteElo "2226"]
[BlackElo "1990"]
[Annotator "TA"]
[PlyCount "73"]
[EventDate "2022.08.12"]
[EventType "swiss"]
[EventCountry "AUT"]
[SourceTitle "playchess.com"]
[Source "ChessBase"]
[SourceQuality "1"]
[TimeControl "40/5400+30:1800+30"]

1. d4 d5 2. c4 dxc4 3. e4 b5 4. a4 c6 5. b3 e5 {[%emt 0:00:20] And now ...Bb4+ would win.} 6. Nf3 {[%emt 0:10:29] D20: Queen's Gambit Accepted: 3 e3 and 3 e4.} exd4 7. Qxd4 Bb4+ 8. Bd2 {[%emt 0:00:53] [#] Black has an edge.} Bxd2+ $146 ({Predecessor:} 8... Qxd4 9. Nxd4 Bxd2+ 10. Kxd2 Nf6 11. f3 O-O 12. Be2 c5 13. Nxb5 a6 14. N5a3 cxb3 {½-½ (28) Rodriguez,A (2269)-Sochacki,W (2333) Paris 2022}) 9. Qxd2 Qe7 {[%emt 0:05:23] next ...Nf6 is good for Black.} 10. bxc4 b4 (10... Qxe4+ 11. Be2 $11) 11. Bd3 Bg4 ({Black should try} 11... Na6 $15) 12. Nd4 $1 $11 c5 13. Nb3 Nf6 14. f3 Bc8 15. O-O O-O 16. Re1 Nc6 17. e5 Re8 (17... Nxe5 $2 18. f4 $18) (17... Nd7 {seems wilder.} 18. Be4 Bb7 19. Qd6 Rae8) 18. f4 Bb7 19. Qf2 Nd7 {[%emt 0:00:42][%cal Oc6d4] Black is now going downhill.} 20. N1d2 Rad8 (20... Nd4 $14) 21. Be4 $16 {[%emt 0:02:31] White is much more active.} Kh8 22. Rad1 {[%emt 0:09:05] Threatens to win with Bd5.} f6 (22... Nb6 $16) 23. e6 ({But not} 23. Qh4 $6 g6 $14) 23... Qxe6 24. Bg6 Qxe1+ (24... hxg6 $142 25. Rxe6 Rxe6) 25. Rxe1 $18 Rxe1+ 26. Qxe1 hxg6 27. Ne4 {[%emt 0:05:04] [#] Hoping for Nd6.} Nb6 $2 (27... Ndb8 28. Nbxc5 Bc8) 28. Nexc5 Bc8 29. Qe4 Nb8 30. a5 Bf5 31. Qe7 Nc6 32. Qc7 Rc8 33. Qf7 ({Stronger than} 33. axb6 Rxc7 34. bxc7 Kg8 $11) 33... Na8 34. Ne6 {[%emt 0:03:43][%csl Ge6][%cal Rf7g7] [#]} Rg8 35. Nbd4 Bxe6 36. Nxe6 (36. Qxe6 $142 Rf8 37. Nxc6 Nc7 38. Qe7 Re8 39. Qxc7 a6 40. Qd7 Re3 41. Kf2) 36... Kh7 37. Nf8+ {[%emt 0:01:04] Weighted Error Value: White=0.14 (very precise) /Black=0.74} (37. Qd7 $142 Kh8 38. Qxc6 b3 39. Qb5 b2 40. Qxb2 Kh7 41. Qb3 Re8 42. c5) 1-0

[Event "Austrian Championship 2022"]
[Site "Vienna"]
[Date "2022.08.14"]
[Round "3.19"]
[White "Gschiel, Alexander"]
[Black "Stadlinger, Lea"]
[Result "1-0"]
[ECO "D30"]
[WhiteElo "2215"]
[BlackElo "1723"]
[Annotator "TA"]
[PlyCount "45"]
[EventDate "2022.08.12"]
[EventType "swiss"]
[EventCountry "AUT"]
[SourceTitle "playchess.com"]
[Source "ChessBase"]
[SourceQuality "1"]
[TimeControl "40/5400+30:1800+30"]

1. Nf3 Nf6 2. g3 d5 3. Bg2 e6 4. O-O Be7 5. c4 O-O 6. b3 c5 7. cxd5 exd5 8. d4 b6 9. Bb2 Nc6 10. Nc3 Bb7 11. Rc1 Qd7 {[%emt 0:06:21] D30: Queen's Gambit Declined: Systems without Nc3.} (11... Rb8 $11) 12. dxc5 Bxc5 {[%emt 0:04:51] [#]} 13. a3 $146 ({Predecessor:} 13. Na4 Be7 14. Ne5 Nxe5 15. Bxe5 Rac8 16. Qd3 Qe6 {½-½ (16) Krnic,Z (2380)-Cvetkovic,S (2382) Belgrade 2009}) 13... Rad8 (13... Rfd8 $14) 14. b4 $16 Be7 15. e3 Ne4 16. Qc2 Bf6 (16... Rc8 $16 {might work better.}) 17. Nxe4 $18 Bxb2 (17... dxe4 {is more resistant.} 18. Bxf6 gxf6) 18. Neg5 {[%emt 0:00:42][%csl Gg5][%cal Rc2h7] [#] White is clearly winning.} g6 19. Qxb2 h6 20. Nh3 g5 21. Ne5 Nxe5 22. Qxe5 {[%emt 0:00:09] [#] Rc7 is the strong threat.} Rfe8 23. Qc7 {[%emt 0:00:24] White took control after the opening.  Weighted Error Value: White=0.05 (flawless) /Black=0.59} 1-0